 Dungeon Crawl Stone Soup version 0.22-a0-3-g4fa69d9 (webtiles) character file.

10369 theanonym the Fighter (level 11, -2/177 HPs)
             Began as an Ogre Transmuter on Jan 1, 2018.
             Was a High Priest of Okawaru.
             Slain by a hippogriff (4 damage)
             ... on level 1 of the Lair of Beasts.
             The game lasted 00:36:29 (12547 turns).

theanonym the Fighter (Ogre Transmuter)            Turns: 12547, Time: 00:36:30

Health: -2/177     AC:  2    Str: 31    XL:     11   Next: 61%
Magic:  16/18      EV: 22    Int: 17    God:    Okawaru [*****.]
Gold:   173        SH:  0    Dex: 10    Spells: 7/20 levels left

rFire    x . .     SeeInvis .     - Unarmed
rCold    . . .     Gourm    .   (shield currently unavailable)
rNeg     . . .     Faith    +   (armour currently unavailable)
rPois    .         Spirit   .   (helmet currently unavailable)
rElec    +         Reflect  .   (cloak currently unavailable)
rCorr    .         Harm     .   (gloves unavailable)
MR       ++...                  (boots unavailable)
Stlth    ..........             o - amulet of faith {Faith}
HPRegen  0.39/turn              J - ring "Xebbutwi" {rElec rF- MR+ Str+10 Dex-4 Stlth+}
MPRegen  0.16/turn              p - ring of poison resistance {rPoisrPois}

@: berserking, spider-form, heroism, very quick
A: tiny, unfitting armour
a: End Transformation, Heroism, Finesse, Renounce Religion


Innate Abilities, Weirdness & Mutations

You are too large for most types of armour.
((You have tough skin. (AC +1)))


   Skills:
 + Level 10.2(15.2) Fighting
 - Level 1.7(6.7) Dodging
 + Level 8.6(13.6) Unarmed Combat
 - Level 5.0 Spellcasting
 - Level 3.0 Charms
 - Level 3.0 Necromancy
 + Level 7.9 Transmutations
 - Level 4.2 Ice Magic
 - Level 5.0 Poison Magic
 - Level 4.3 Invocations


You had 7 spell levels left.
You knew the following spells:

 Your Spells              Type           Power        Failure   Level  Hunger
b - Sticks to Snakes      Tmut           ####....     4%          2    #......
c - Spider Form           Tmut/Pois      ####......   11%         3    ###....
d - Ice Form              Ice/Tmut       ###.....     28%         4    ####...
q - Apportation           Tloc           #.....       32%         1    None
r - Regeneration          Chrm/Necr      ##........   28%         3    ###....

Skill      XL: |  1  2  3  4  5  6  7  8  9 10 11 |
---------------+----------------------------------+-----
Unarmed Combat | 3 4 5 6 7 8 |  8.6
Transmutations | 2 3 4 5 6 7 |  7.9
Fighting       | 2 3 4 6 7 9 10 | 10.2
Poison Magic   | 1 3 4 5 |  5.0
Spellcasting   | 3 5 |  5.0
Invocations    | 3 4 |  4.3
Ice Magic      | 1 3 4 |  4.2
Charms         | 2 3 |  3.0
Necromancy     | 2 3 |  3.0
Dodging        | |  1.7

Action                   |  1- 3 |  4- 6 |  7- 9 | 10-12 || total
-------------------------+-------+-------+-------+-------++-------
Melee: Unarmed           |   135 |   164 |   284 |   289 ||   872
       Kick              |     4 |       |       |       ||     4
       Punch             |       |     1 |     2 |       ||     3
 Cast: Beastly Appendage |     5 |       |       |       ||     5
       Spider Form       |     3 |    12 |    29 |    25 ||    69
       Sticks to Snakes  |       |     1 |     5 |     1 ||     7
       Ice Form          |       |       |     1 |     4 ||     5
       Regeneration      |       |       |       |     2 ||     2
Invok: Heroism           |       |       |     7 |    10 ||    17
  Use: Scroll            |     3 |     1 |    15 |     6 ||    25
       Potion            |       |       |       |     1 ||     1
 Stab: Sleeping          |       |     1 |       |     1 ||     2
  Eat: Chunk             |     4 |     5 |     5 |     9 ||    23
       Ration            |       |     1 |     4 |     2 ||     7
Armor: Robe              |    40 |    15 |    10 |     8 ||    73
       Skin              |     4 |     3 |    11 |    14 ||    32
Dodge: Dodged            |    87 |    88 |   180 |   217 ||   572
Block: Other             |     6 |    21 |    12 |       ||    39
       Reflection        |     2 |       |       |       ||     2

Inventory:

Hand Weapons
 r - the +5 hand crossbow of Internal Strife (melded) {god gift, venom, Int+4}
   (Okawaru gifted it to you on level 9 of the Dungeon)

   It poisons the ammo it fires.
   It affects your intelligence (+4).
Missiles
 a - 249 arrows
Armour
 b - a +0 robe (melded) {0}
 i - a +0 cloak (melded)
   (You found it on level 1 of the Dungeon)
Jewellery
 o - an amulet of faith (around neck) {Faith}
   (You found it on level 5 of the Dungeon)
 p - a ring of poison resistance (right front leg) {rPoisrPois}
   (You bought it in a shop on level 4 of the Dungeon)
 s - an uncursed ring of fire {rF+ rC-}
   (You bought it in a shop on level 4 of the Dungeon)
 x - an uncursed ring of protection from magic {MR+}
   (You found it on level 7 of the Dungeon)
 J - the ring "Xebbutwi" (left front leg) {rElec rF- MR+ Str+10 Dex-4 Stlth+}
   (You bought it in a shop on level 10 of the Dungeon)

   [ring of protection from magic]

   It affects your strength (+10).
   It affects your dexterity (-4).
   It makes you vulnerable to fire.
   It insulates you from electricity.
   It affects your resistance to hostile enchantments.
   It makes you more stealthy.
Wands
 d - a wand of digging (13)
   (You took it off Ijyb on level 4 of the Dungeon)
 v - a wand of enslavement (18)
   (You found it on level 4 of the Dungeon)
 A - a wand of scattershot (4)
   (You found it on level 7 of the Dungeon)
 H - a wand of paralysis (13)
   (You found it on level 10 of the Dungeon)
Scrolls
 k - 3 scrolls of enchant armour
 t - 2 scrolls of teleportation {!r}
 y - a scroll of magic mapping
 z - 2 scrolls of amnesia
 I - 2 scrolls of remove curse
Potions
 f - 3 potions of agility
 h - 2 potions of ambrosia
 j - 3 potions of brilliance
 l - 3 potions of mutation {unknown}
 n - a potion of heal wounds {unknown}
 q - a potion of magic
 w - 4 potions of curing
 C - 3 potions of haste
 G - 2 potions of might {unknown}
Books
 c - a book of Changes
 D - a book of Necromancy
   (You found it on level 8 of the Dungeon)
 E - the Guide on Sinister Good Luck
   (You found it on level 8 of the Dungeon)

   Spells                             Type                      Level
   a - Song of Slaying                Charms                       2
   b - Vampiric Draining              Necromancy                   3
   c - Dispel Undead                  Necromancy                   5
 F - a book of Party Tricks
   (You found it on level 9 of the Dungeon)
Comestibles
 e - 10 rations
 m - 5 chunks of flesh


You were on level 1 of the Lair of Beasts.
You worshipped Okawaru.
Okawaru was extremely pleased with you.
You were not hungry.
You were a venomous arachnid creature.
You visited 2 branches of the dungeon, and saw 11 of its levels.
You also visited: Bailey.

You collected 533 gold pieces.
You spent 360 gold pieces at shops.

Dungeon Overview and Level Annotations

Branches:
Dungeon (10/15)            Temple (0/1) D:4            Lair (1/6) D:9
    Orc: D:9-12

Altars:
Ashenzari
Nemelex Xobeh
Okawaru
Qazlal
Trog

Shops:
D:4 %*   D:6 [   D:10 *

Annotations:
D:4 1 transporter

.. ............ ..
........... .......
........... .......
......... .......
#P.....# .....# #.....#
### .....###
#...†.##.... .......#
#...HS...... ........
#...s.##.... ......#
##.....#..... .....##
#.......# .. ......#
##.....## ...
.....#...####.....###.##
................$..#...#
........................
........................
.....>..................


You could see a hippogriff and a friendly ball python.

Notes
Turn   | Place    | Note
-------+----------+-------------------------------------------
     0 | D:1      | theanonym the Ogre Transmuter began the quest for the Orb.
     0 | D:1      | Reached XP level 1. HP: 19/19 MP: 3/3
   132 | D:1      | Reached skill level 3 in Unarmed Combat
   138 | D:1      | Found an iron altar of Okawaru.
   153 | D:1      | Reached skill level 2 in Transmutations
   175 | D:1      | Became a worshipper of Warmaster Okawaru
   195 | D:1      | You fall through a shaft!
   218 | D:2      | Reached XP level 2. HP: 21/27 MP: 5/5
   441 | D:2      | Learned a level 2 spell: Sticks to Snakes
   798 | D:1      | Reached XP level 3. HP: 34/35 MP: 6/6
   803 | D:1      | Learned a level 3 spell: Spider Form
  1790 | D:3      | Reached skill level 2 in Fighting
  1867 | D:3      | HP: 13/35 [worm (7)]
  2123 | D:3      | Reached XP level 4. HP: 41/42 MP: 7/7
  2235 | D:3      | HP: 19/42 [worm (4)]
  2493 | D:3      | Reached skill level 1 in Poison Magic
  2933 | D:3      | Reached XP level 5. HP: 38/49 MP: 8/8
  3066 | D:3      | Reached skill level 2 in Poison Magic
  3150 | D:4      | Got a dazzling quarterstaff
  3220 | D:4      | Reached skill level 3 in Transmutations
  3228 | D:4      | Noticed Apogee's ghost (amateur GnWn)
  3254 | D:4      | HP: 17/49 [Apogee's ghost (9)]
  3495 | D:4      | Found a staircase to the Ecumenical Temple.
  3535 | D:4      | Found a transporter.
  3538 | D:4      | Noticed an ogre
  3547 | D:4      | Killed an ogre
  3547 | D:4      | Reached * piety under Okawaru
  3547 | D:4      | Reached skill level 3 in Poison Magic
  3547 | D:4      | Reached XP level 6. HP: 48/57 MP: 5/9
  3620 | D:4      | Noticed Menkaure
  3631 | D:4      | Killed Menkaure
  3631 | D:4      | Reached skill level 4 in Unarmed Combat
  3675 | D:4      | Found Meddol's Food Emporium.
  3684 | D:4      | Noticed Sigmund
  3699 | D:4      | Killed Sigmund
  3699 | D:4      | Reached ** piety under Okawaru
  3699 | D:4      | Reached skill level 3 in Fighting
  3699 | D:4      | Reached XP level 7. HP: 61/67 MP: 4/10
  3927 | D:4      | Found Peggyble's Assorted Antiques.
  3932 | D:4      | Bought a small diamond ring for 100 gold pieces
  3932 | D:4      | Bought a scroll labeled IBLEKHL ATSI for 20 gold pieces
  4173 | D:4      | Reached skill level 4 in Transmutations
  4188 | D:4      | Identified the +6 quarterstaff "Belunk" {drain, +Rage rC+} (You found it on level 4 of the Dungeon)
  4222 | D:4      | Killed Apogee's ghost
  4222 | D:4      | Reached skill level 4 in Fighting
  4222 | D:4      | Reached skill level 5 in Unarmed Combat
  4222 | D:4      | Reached skill level 3 in Spellcasting
  4524 | D:4      | Noticed Ijyb
  4538 | D:4      | Killed Ijyb
  4644 | D:5      | Entered Level 5 of the Dungeon
  4665 | D:5      | Reached XP level 8. HP: 52/79 MP: 9/12
  4801 | D:5      | Learned a level 4 spell: Ice Form
  4857 | D:5      | Reached skill level 1 in Invocations
  4932 | D:5      | Reached skill level 5 in Fighting
  4937 | D:5      | Reached skill level 6 in Unarmed Combat
  4937 | D:5      | Reached skill level 2 in Invocations
  5017 | D:5      | HP: 40/80 [poisoned by a worker ant]
  5023 | D:5      | HP: 39/80 [poisoned by a worker ant]
  5028 | D:4      | HP: 38/80 [poisoned by a worker ant]
  5036 | D:4      | HP: 38/80 [poisoned by a worker ant]
  5329 | D:5      | Found a shattered altar of Ashenzari.
  5498 | D:5      | Reached *** piety under Okawaru
  6336 | D:6      | HP: 38/81 [orc priest/divine providence (12)]
  6679 | D:6      | Found Penopuy's Armour Boutique.
  6704 | D:4      | Bought a twisted brass ring for 100 gold pieces
  6810 | D:6      | Reached skill level 5 in Transmutations
  6810 | D:6      | Reached skill level 3 in Invocations
  6909 | D:6      | HP: 37/83 [ogre/giant spiked club (21)]
  6910 | D:6      | Reached skill level 6 in Fighting
  6910 | D:6      | Reached skill level 1 in Ice Magic
  6910 | D:6      | Reached XP level 9. HP: 39/89 MP: 9/14
  6914 | D:6      | HP: 25/89 [centaur (10)]
  7426 | D:7      | Found a sparkling altar of Nemelex Xobeh.
  7581 | D:7      | Reached skill level 4 in Spellcasting
  7838 | D:7      | Reached skill level 2 in Ice Magic
  7864 | D:7      | HP: 46/92 [orc/whip (1)]
  7869 | D:7      | HP: 31/92 [poisoned by an adder]
  7875 | D:7      | HP: 30/92 [poisoned by an adder]
  7883 | D:7      | HP: 30/92 [poisoned by an adder]
  7888 | D:7      | HP: 21/92 [spriggan baker/enchanted dagger (9)]
  8391 | D:8      | Noticed a two-headed ogre
  8405 | D:8      | Killed a two-headed ogre
  8405 | D:8      | Reached **** piety under Okawaru
  8405 | D:8      | Reached skill level 7 in Fighting
  8405 | D:8      | Reached skill level 7 in Unarmed Combat
  8405 | D:8      | Reached skill level 5 in Spellcasting
  8405 | D:8      | Reached skill level 6 in Transmutations
  8405 | D:8      | Reached skill level 3 in Ice Magic
  8425 | D:8      | Reached ***** piety under Okawaru
  8598 | D:8      | Reached XP level 10. HP: 79/104 MP: 17/17
  8609 | D:8      | Learned a level 3 spell: Regeneration
  8622 | D:8      | Identified the Guide on Sinister Good Luck
  8664 | D:8      | Found a flagged portal.
  8676 | Bailey   | Entered a bailey
  8767 | D:8      | Reached skill level 8 in Fighting
  8863 | D:9      | Noticed a two-headed ogre
  9152 | D:9      | Learned a level 1 spell: Apportation
  9153 | D:9      | Found a bloodstained altar of Trog.
  9165 | D:9      | Reached skill level 1 in Charms
  9165 | D:9      | Reached skill level 1 in Necromancy
  9315 | D:9      | Reached skill level 2 in Charms
  9315 | D:9      | Reached skill level 2 in Necromancy
  9475 | D:9      | Killed a two-headed ogre
  9475 | D:9      | Received a gift from Okawaru
  9475 | D:9      | Reached skill level 4 in Ice Magic
  9546 | D:9      | Found a staircase to the Lair.
  9722 | D:9      | Found a stormy altar of Qazlal.
  9762 | D:9      | Reached skill level 7 in Transmutations
  9913 | D:9      | Reached skill level 9 in Fighting
 10073 | D:9      | Noticed a two-headed ogre
 10085 | D:9      | Killed a two-headed ogre
 10085 | D:9      | Received a gift from Okawaru
 10085 | D:9      | Reached skill level 8 in Unarmed Combat
 10085 | D:9      | Reached skill level 4 in Poison Magic
 10085 | D:9      | Reached XP level 11. HP: 110/115 MP: 13/18
 10156 | D:9      | Noticed a purple ugly thing
 10165 | D:9      | Killed a purple ugly thing
 10165 | D:9      | Reached skill level 4 in Invocations
 10415 | D:10     | Entered Level 10 of the Dungeon
 10563 | D:9      | Got a fine hand crossbow {god gift}
 10564 | D:9      | Identified the +5 hand crossbow of Internal Strife {god gift, venom, Int+4} (Okawaru gifted it to you on level 9 of the Dungeon)
 11012 | D:10     | Found Ytwaby's Assorted Antiques.
 11020 | D:10     | Bought a warped bone ring for 140 gold pieces
 11021 | D:10     | Identified the ring "Xebbutwi" {rElec rF- MR+ Str+10 Dex-4 Stlth+} (You bought it in a shop on level 10 of the Dungeon)
 11530 | Lair:1   | Entered Level 1 of the Lair of Beasts
 11633 | Lair:1   | Received a gift from Okawaru
 11642 | Lair:1   | Reached skill level 10 in Fighting
 11648 | Lair:1   | Got an ichor-stained longbow {god gift}
 11677 | Lair:1   | Identified the +7 longbow of Armageddon {god gift, venom, +Blink rC+ Int-5} (Okawaru gifted it to you on level 1 of the Lair of Beasts)
 11860 | Lair:1   | HP: 58/117 [poisoned by a water moccasin]
 11866 | Lair:1   | HP: 56/117 [poisoned by a water moccasin]
 11873 | Lair:1   | HP: 55/117 [poisoned by a water moccasin]
 11880 | Lair:1   | HP: 55/117 [poisoned by a water moccasin]
 11888 | Lair:1   | HP: 55/117 [poisoned by a water moccasin]
 12085 | D:9      | HP: 58/117 [poisoned by a spiny frog]
 12090 | D:9      | HP: 48/117 [poisoned by a spiny frog]
 12095 | D:9      | HP: 41/117 [poisoned by a spiny frog]
 12100 | D:9      | HP: 37/117 [poisoned by a spiny frog]
 12105 | D:9      | HP: 34/117 [poisoned by a spiny frog]
 12111 | D:9      | HP: 33/117 [poisoned by a spiny frog]
 12119 | D:9      | HP: 32/117 [poisoned by a spiny frog]
 12127 | D:9      | HP: 32/117 [poisoned by a spiny frog]
 12519 | Lair:1   | Reached skill level 3 in Charms
 12541 | Lair:1   | HP: 50/118 [komodo dragon (21)]
 12542 | Lair:1   | HP: 7/118 [komodo dragon (32)]
 12543 | Lair:1   | Reached skill level 3 in Necromancy
 12543 | Lair:1   | Reached skill level 5 in Poison Magic
 12547 | Lair:1   | HP: 2/177 [hippogriff (8)]
 12547 | Lair:1   | Slain by a hippogriff

Vanquished Creatures
  3 two-headed ogres
  An ugly thing (D:9)
  A spiny frog (Lair:1)
  3 komodo dragons (Lair:1)
  3 blink frogs (Lair:1)
  A hippogriff (D:9)
  A spriggan (D:7)
  3 yaks (D:9)
  The ghost of Apogee the Fighter, an amateur GnWn (D:4)
  Sigmund (D:4)
  A soldier ant (D:10)
  Menkaure (D:4)
  2 hell hounds (D:9)
  A porcupine (Lair:1)
  3 water moccasins (Lair:1)
  3 black bears (D:9)
  3 orc warriors
  2 ice beasts
  5 sky beasts
  2 phantoms (D:8)
  5 ogres
  6 centaurs
  8 bullfrogs
  4 scorpions
  3 wights (D:9)
  2 electric eels (Lair:1)
  4 howler monkeys
  4 bullfrog zombies
  2 centaur zombies
  3 jellies
  3 crimson imps
  2 hounds
  5 orc priests
  4 orc wizards
  2 bullfrog skeletons
  Ijyb (D:4)
  9 worker ants
  An iguana (D:5)
  2 hound zombies
  A gnoll (D:8)
  7 adders
  2 shadow imps
  An ooze (D:5)
  An adder skeleton (D:9)
  7 worms
  4 dart slugs
  8 leopard geckos
  20 orcs
  3 ball pythons
  5 bats
  8 giant cockroaches
  6 goblins
  4 hobgoblins
  6 kobolds
  8 quokkas
  5 frilled lizards
  4 rats
211 creatures vanquished.

Table legend:
 A = Turns spent in this place as a percentage of turns spent in the entire game.
 B = Non-inter-level travel turns spent in this place as a percentage of non-inter-level travel turns spent in the entire game.
 C = Inter-level travel turns spent in this place as a percentage of turns spent in this place.
 D = Turns resting spent in this place as a percentage of non-inter-level travel turns spent in this place.
 E = Turns spent auto-exploring this place as a percentage of non-inter-level travel turns spent in this place.
 F = Non-inter-level travel turns spent in this place divided by the number of levels of this place that you've seen.
                   A       B       C       D       E      F
               +-------+-------+-------+-------+-------+----------------------
         Total | 100.0 | 100.0 |   4.9 |  38.2 |  45.6 | 994.7
       Dungeon |  94.5 |  94.2 |   5.1 |  37.2 |  46.7 | 1124.9
          Lair |   5.4 |   5.7 |   0.1 |  54.4 |  27.1 | 676.0
        Bailey |   0.1 |   0.1 |   0.0 |   0.0 |   9.1 |  11.0
               +-------+-------+-------+-------+-------+----------------------
